 Dungeon Crawl Stone Soup version 0.19-a0-1704-gbd66c22 (webtiles) character file.

136413 epen the Pandemonic (level 17, -1/135 HPs)
             Began as a Formicid Monk on Sept 27, 2016.
             Was a High Priest of Makhleb.
             Killed from afar by a balrug (19 damage)
             ... with a fireball
             ... summoned by the player character
             ... on level 2 of the Snake Pit.
             The game lasted 01:21:14 (34443 turns).

epen the Pandemonic (Formicid Monk)                Turns: 34443, Time: 01:21:15

Health: -1/135     AC: 26    Str: 18    XL:     17   Next: 80%
Magic:  28/28      EV: 14    Int: 13    God:    Makhleb [*****.]
Gold:   1193       SH: 12    Dex: 15    Spells: 0 memorised, 16 levels left

rFire  + . .     SeeInvis +     q - +9 triple sword (holy)
rCold  + + .     Gourm    .     T - +3 chain mail {rPois}
rNeg   + + .     Faith    .     e - +0 shield
rPois  +         Spirit   .     (helmet unavailable)
rElec  +         Dismiss  .     L - +1 cloak
rCorr  .         Reflect  .     J - +1 pair of gloves
MR     +....     Harm     .     n - +2 pair of boots of the Slorg {rC+}
Stlth  ..........               U - amulet "Janwujudd" {RegenMP rF+}
                                i - ring of Zumumiu {rElec Stlth-}
                                o - ring "Masiof Imix" {-Tele rC+ rN++ Str-2 Slay+2}

@: no status effects
A: permanent stasis, dig shafts and tunnels, four strong arms, antennae 3, thin
skeletal structure 1, shaggy fur 1, wild magic 2, MP-powered wands
a: Dig, Shaft Self, Minor Destruction, Lesser Servant of Makhleb, Major
Destruction, Greater Servant of Makhleb, Renounce Religion


You were on level 2 of the Snake Pit.
You worshipped Makhleb.
Makhleb was extremely pleased with you.
You were not hungry.

You visited 5 branches of the dungeon, and saw 27 of its levels.
You also visited: Trove, Ossuary, Bailey and Ice Cave.

You collected 2488 gold pieces.
You spent 1295 gold pieces at shops.

Inventory:

Hand Weapons
 q - a +9 triple sword of holy wrath (weapon)
 H - a +2 long sword of venom
 O - a +1 vampiric long sword
Missiles
 N - a throwing net (quivered)
Armour
 e - a +0 shield (worn)
 n - the +2 pair of boots of the Slorg (worn) {rC+}
   (You acquired it on level 12 of the Dungeon)

   It protects you from cold.
 J - a +1 pair of gloves (worn)
 L - a +1 cloak (worn)
 T - a +3 chain mail of poison resistance (worn)
Jewellery
 f - a +6 amulet of reflection
 i - the ring of Zumumiu (right hand) {rElec Stlth-}
   (You found it in a treasure trove)

   [ring of loudness]

   It insulates you from electricity.
   It makes you less stealthy.
 o - the ring "Masiof Imix" (left hand) {-Tele rC+ rN++ Str-2 Slay+2}
   (You found it in a treasure trove)

   [ring of strength]

   It affects your strength (-2).
   It affects your accuracy and damage with ranged weapons and melee attacks
   (+2).
   It protects you from cold.
   It greatly protects you from negative energy.
   It prevents most forms of teleportation.
 y - an uncursed ring of protection from fire
 E - an uncursed ring of protection from cold
 S - an uncursed ring of positive energy
 U - the amulet "Janwujudd" (around neck) {RegenMP rF+}
   (You found it in a treasure trove)

   [amulet of magic regeneration]

   It increases your magic regeneration.
   It protects you from fire.
 W - an uncursed amulet of magic regeneration
 Y - the ring "Radgh" {+Fly rElec rF- Stlth+}
   (You found it in a treasure trove)

   [ring of flight]

   It makes you vulnerable to fire.
   It insulates you from electricity.
   It lets you fly.
   It makes you more stealthy.
 Z - the ring "Peechu" {Fire Str-4 Int+2 Slay+2 Stlth+}
   (You found it in a treasure trove)

   [ring of fire]

   It enhances your fire magic.
   It affects your strength (-4).
   It affects your intelligence (+2).
   It affects your accuracy and damage with ranged weapons and melee attacks
   (+2).
   It protects you from fire.
   It makes you vulnerable to cold.
   It makes you more stealthy.
Wands
 h - a wand of heal wounds (3/9)
 u - a wand of lightning (7/15)
 K - a wand of acid (15/15)
 X - a wand of digging (10/24)
Scrolls
 b - 10 scrolls of remove curse
 l - a scroll of holy word {unknown}
 r - 3 scrolls of enchant armour
 s - 3 scrolls of amnesia
 C - 16 scrolls of identify
 D - 2 scrolls of fog
 G - 4 scrolls of magic mapping
 Q - a scroll of enchant weapon
 V - a scroll of fear
Potions
 d - 4 potions of agility
 g - 24 potions of curing
 k - 4 potions of cancellation
 m - 4 potions of invisibility
 p - 3 potions of mutation
 t - 5 potions of flight
 v - 3 potions of heal wounds
 w - 4 potions of might
 x - 3 potions of magic
 z - 3 potions of ambrosia
 F - 4 potions of brilliance
 P - a potion of resistance
Miscellaneous
 A - a lamp of fire
 B - a phial of floods
Comestibles
 a - 7 beef jerkies
 c - 18 bread rations
 j - 10 meat rations
 I - 9 slices of pizza
 M - 3 fruits
 R - 3 chunks of flesh


   Skills:
 + Level 12.9 Fighting
 * Level 15.4 Long Blades
 + Level 12.2 Armour
 * Level 11.5 Dodging
 - Level 2.4 Stealth
 + Level 11.1 Shields
 * Level 15.6 Invocations
 - Level 5.8 Evocations


You had 16 spell levels left.
You didn't know any spells.

Dungeon Overview and Level Annotations

Branches:
Dungeon (15/15)            Temple (1/1) D:6            Lair (6/6) D:9
 Shoals (0/4) Lair:2        Snake (3/4) Lair:2        Slime (0/5) Lair:6
    Orc (2/2) D:11            Elf (0/3) Orc:2        Vaults (0/5) D:13
 Depths (0/5) D:15

Altars:
Ashenzari
Cheibriados
Dithmenos
Elyvilon
Fedhas
Gozag
Hepliaklqana
Kikubaaqudgha
Makhleb
Nemelex Xobeh
Okawaru
Qazlal
Ru
Sif Muna
Trog
Uskayaw
Vehumet
Xom
Yredelemnul
Zin
The Shining One
Jiyva

Shops:
D:6 :   D:9 [   D:10 *[   D:15 *[   Orc:2 ::?}*   Snake:1 =   Snake:2 !=}=

Annotations:
D:3 1 runed door


Innate Abilities, Weirdness & Mutations

You are under a permanent stasis effect.
You can dig through walls and to a lower floor.
Your four strong arms can wield two-handed weapons with a shield.
You have a pair of large antennae on your head. (SInv)
You have a somewhat thin skeletal structure. (Dex +2, Stealth)
You are covered in fur. (AC +1)
Your spells are harder to cast, but more powerful.
You expend magic power (3 MP) to strengthen your wands.


Message History

The bolt of magma misses you.
A demon appears!
The naga warrior spits poison at you. The splash of poison hits your neqoxec.
Your neqoxec appears unharmed.
You dig through the rock wall.
The naga warrior spits poison at you. The splash of poison hits your neqoxec.
Your neqoxec barely misses the naga warrior.
You retract your mandibles.
Something hits your neqoxec!! Something grabs your neqoxec.
Your neqoxec is constricted.
Your neqoxec dies!
The naga warrior spits poison at you. You block the splash of poison.
A demon appears!
It doesn't seem very happy.
A demon appears!
The balrug gestures at you.
The fireball explodes!
The fireball engulfs you! You resist.
You die...

#................^..
#..................#
#...############...+
##..#..........#...#
#..'..........#...#
#..#..........#...#
##..#..........#..(#
#2.4#..........#...#
##..@#..........#...#
#....#..........#....
##N..#######'####....
#N#..................
#.#...รท..............
#.##N................
##{#..........[.....)
#N{>).........#######
#.))..........#......


You could see a naga warrior, a balrug, a salamander mystic, a naga and a
friendly hellwing.

Vanquished Creatures
  Frances (Snake:2)
  Kirke (Lair:2)
  Roxanne (Snake:1)
  The ghost of Cadaver the Stickfighter, a journeyman MiGl of Okawaru (IceCv)
  Josephine (Lair:4)
  A yaktaur captain (D:15)
  11 naga warriors
  2 catoblepae
  The ghost of slayr the Transmogrifier, a journeyman OpTm of Okawaru (D:10)
  5 anacondas
  2 ogre magi (Orc:2)
  7 death yaks
  4 centaur warriors
  2 tengu warriors (D:15)
  A dancing weapon (Orc:2)
  Urug (D:10)
  4 naga sharpshooters
  4 shock serpents
  A shock serpent (shapeshifter) (D:13)
  A deep elf knight (D:13)
  A hell knight (D:15)
  A fire crab (shapeshifter) (D:13)
  A skeletal warrior (D:11)
  A salamander mystic (Snake:2)
  2 deep trolls (Orc:2)
  2 naga ritualists (Snake:1)
  A wizard (D:15)
  Pikel (D:4)
  5 hill giants
  A necromancer (IceCv)
  2 phantasmal warriors (D:11)
  6 orc knights (Bailey)
  A wolf spider zombie (D:15)
  10 salamanders
  5 mana vipers (Snake:1)
  A hornet (shapeshifter) (D:15)
  2 orc sorcerers
  2 manticores
  17 ugly things
  9 elephants
  4 cyclopes
  2 guardian serpents (Snake:1)
  Maurice (D:10)
  The ghost of p0werm0de the Fighter, a novice DsCK of Xom (D:7)
  26 black mambas
  2 centaur zombies
  6 naga magi
  2 ice statues (IceCv)
  A gargoyle (D:12)
  A centaur skeleton (D:13)
  8 spiny frogs
  6 komodo dragons
  3 kobold demonologists
  3 rime drakes
  10 ice devils (IceCv)
  2 tengu conjurers (D:15)
  3 meliai (D:13)
  10 trolls
  9 two-headed ogres
  11 slime creatures
  5 blink frogs
  6 dream sheep (Lair:6)
  A hippogriff (shapeshifter) (D:13)
  12 hippogriffs
  A vampire (D:15)
  5 shadows
  4 wraiths
  3 wyverns
  A spriggan (shapeshifter) (D:12)
  Sigmund (D:2)
  4 basilisks
  31 yaks
  A human (D:7)
  2 hungry ghosts
  4 hogs (D:7)
  A steam dragon (Lair:4)
  5 vampire mosquitoes
  17 nagas
  A swamp worm (shapeshifter) (D:13)
  A warg (Orc:1)
  A soldier ant (shapeshifter) (D:14)
  3 hell hounds (D:15)
  10 water moccasins
  27 orc warriors
  6 porcupines
  3 phantoms
  2 sky beasts (D:10)
  An eye of draining (D:12)
  The ghost of p0werm0de the Ruffian, an amateur MiCK of Xom (D:4)
  2 black bears
  An ice beast (D:15)
  2 wasps
  30 ogres
  2 necrophages
  3 boggarts (D:14)
  18 wolves
  12 centaurs
  12 crocodiles
  3 big kobolds
  15 bullfrogs
  4 water moccasin zombies
  A wyvern skeleton (D:10)
  3 scorpions
  21 killer bees
  4 wights
  2 howler monkeys
  8 crimson imps
  Crazy Yiuf (D:2)
  2 jellies
  A quasit (D:9)
  16 orc priests
  A gnoll shaman (D:9)
  7 hounds
  3 human zombies (D:8)
  33 orc wizards
  2 bullfrog skeletons
  6 worker ants
  2 human skeletons (D:8)
  3 iguanas
  Natasha (thrice) (D:2)
  2 hell rats (Lair:5)
  2 troll simulacra (IceCv)
  A spriggan simulacrum (IceCv)
  2 centaur simulacra (IceCv)
  2 hound skeletons
  4 mummies
  A howler monkey zombie (D:8)
  A worker ant zombie (D:5)
  Robin (D:2)
  8 gnolls
  A howler monkey skeleton (D:4)
  12 adders
  5 naga simulacra (IceCv)
  33 river rats
  2 shadow imps
  2 adder skeletons (D:9)
  5 adder zombies
  A worm (D:2)
  3 dart slugs
  10 leopard geckos
  110 orcs
  4 giant cockroaches
  3 gnoll zombies (Ossuary)
  18 goblins
  8 hobgoblins
  6 quokkas
  5 ball pythons
  7 bats
  5 frilled lizards
  A goblin zombie (D:3)
  3 hobgoblin zombies (Ossuary)
  A jackal zombie (D:5)
  18 kobolds
  6 kobold zombies
  A leopard gecko skeleton (D:4)
  A leopard gecko zombie (D:6)
  6 orc zombies
  A quokka skeleton (D:5)
  11 rats
  A fungus (D:9)
931 creatures vanquished.

Vanquished Creatures (collateral kills)
  A greater naga (Snake:2)
  5 hydras
  The ghost of dvd the Tainter, a journeyman OpVM of Dithmenos (Lair:1)
  An anaconda (Snake:2)
  3 death yaks (Lair:6)
  A naga sharpshooter (Snake:2)
  A naga ritualist (Snake:2)
  2 mana vipers (Snake:2)
  3 spiny frogs
  A komodo dragon (Lair:1)
  A dream sheep (Lair:6)
  5 blink frogs
  3 wraiths (Lair:4)
  4 yaks
  5 water moccasins
  4 wolves
  A crocodile (Lair:6)
  A bullfrog (Lair:3)
  3 river rats (Lair:1)
  2 orcs (D:14)
48 creatures vanquished.

Vanquished Creatures (others)
  Sonja (Lair:3)
  A black mamba (Snake:1)
  A naga mage (Snake:1)
  A yaktaur (D:15)
  7 humans (Snake:1)
  A naga (Snake:1)
  A centaur (Lair:2)
  An orc priest (Orc:1)
  An adder (D:4)
  A goblin (D:9)
  A jackal skeleton (D:4)
  5 fungi
  5 plants
27 creatures vanquished.

Grand Total: 1006 creatures vanquished

Notes
Turn   | Place    | Note
-------+----------+-------------------------------------------
     0 | D:1      | epen the Formicid Monk began the quest for the Orb.
     0 | D:1      | Reached XP level 1. HP: 18/18 MP: 1/1
   175 | D:1      | Reached XP level 2. HP: 19/24 MP: 2/2
   479 | D:1      | Reached XP level 3. HP: 28/29 MP: 3/3
   628 | D:1      | Reached skill level 1 in Armour
  1179 | D:2      | Noticed Sigmund
  1305 | D:2      | Reached XP level 4. HP: 27/35 MP: 4/4
  1468 | D:2      | Killed Sigmund
  1468 | D:2      | Reached XP level 5. HP: 26/42 MP: 5/5
  1468 | D:2      | Reached XP level 6. HP: 30/48 MP: 6/6
  1529 | D:2      | Found a hazy altar of Hepliaklqana.
  1595 | D:2      | Found an opulent altar of Gozag.
  1622 | D:2      | Noticed Robin
  1639 | D:2      | Killed Robin
  1963 | D:2      | Noticed Natasha
  1974 | D:2      | Killed Natasha
  2079 | D:2      | Noticed Natasha
  2088 | D:2      | Killed Natasha
  2088 | D:2      | Reached skill level 5 in Long Blades
  2130 | D:2      | Found a runed door.
  2201 | D:2      | Noticed Natasha
  2217 | D:2      | Killed Natasha
  2421 | D:2      | Noticed Crazy Yiuf
  2431 | D:2      | Killed Crazy Yiuf
  2854 | D:3      | Found a blossoming altar of Fedhas.
  2887 | D:3      | Found a runed door.
  2887 | D:3      | Noticed a human
  2888 | D:3      | Found a basalt altar of Yredelemnul.
  3243 | D:3      | Reached XP level 7. HP: 55/55 MP: 7/7
  3969 | D:4      | Noticed Pikel
  4012 | D:4      | Killed Pikel
  4012 | D:4      | Reached skill level 5 in Fighting
  4012 | D:4      | Reached XP level 8. HP: 30/62 MP: 8/8
  4260 | D:4      | Noticed p0werm0de's ghost (amateur MiCK)
  4297 | D:4      | Killed p0werm0de's ghost
  4455 | D:4      | Found a shadowy altar of Dithmenos.
  4878 | D:5      | Entered Level 5 of the Dungeon
  5081 | D:5      | Reached skill level 5 in Dodging
  5372 | D:5      | Reached XP level 9. HP: 69/69 MP: 9/9
  5474 | D:6      | Found Ireahoe's Book Shop.
  5587 | D:6      | Found a sand-covered staircase.
  5600 | Ossuary  | Entered an ossuary
  5688 | Ossuary  | Reached skill level 5 in Armour
  6293 | D:6      | Found a staircase to the Ecumenical Temple.
  6517 | Temple   | Entered the Ecumenical Temple
  6569 | Temple   | Became a worshipper of Makhleb the Destroyer
  6569 | Temple   | Reached * piety under Makhleb
  6569 | Temple   | Reached ** piety under Makhleb
  6810 | D:7      | Noticed p0werm0de's ghost (novice DsCK)
  6839 | D:7      | Killed p0werm0de's ghost
  6853 | D:7      | Reached XP level 10. HP: 45/77 MP: 10/10
  7124 | D:7      | Found a white marble altar of Elyvilon.
  7400 | D:7      | Found a sparkling altar of Nemelex Xobeh.
  7421 | D:7      | Found a sacrificial altar of Ru.
  7422 | D:7      | Found a bloodstained altar of Trog.
  7636 | D:8      | Found a sparkling altar of Nemelex Xobeh.
  7778 | D:8      | hi mark
  7997 | D:8      | Found an ancient bone altar of Kikubaaqudgha.
  8014 | D:8      | Reached skill level 10 in Long Blades
  8033 | D:8      | Reached *** piety under Makhleb
  8236 | D:8      | Reached skill level 1 in Invocations
  9095 | D:9      | Reached skill level 1 in Shields
  9095 | D:9      | Reached XP level 11. HP: 44/86 MP: 13/13
  9391 | D:9      | Found a staircase to the Lair.
  9682 | D:9      | Found Boyshreadip's Armour Emporium.
  9795 | D:9      | Found an iron altar of Okawaru.
  9849 | D:9      | Reached **** piety under Makhleb
 10126 | D:9      | Gained mutation: You have a somewhat thin skeletal structure. (Dex +2, Stealth) [potion of beneficial mutation]
 10127 | D:9      | Gained mutation: You are covered in fur. (AC +1) [potion of beneficial mutation]
 10130 | D:10     | Entered Level 10 of the Dungeon
 10267 | D:10     | Noticed Maurice
 10284 | D:10     | Killed Maurice
 10312 | D:10     | Found Zeni's Antique Armour Shop.
 10319 | D:10     | Bought a pair of blackened boots for 304 gold pieces
 10329 | D:10     | Identified the cursed +0 pair of boots of Kindness {Regen+ Int-5 SInv} (You bought it in a shop on level 10 of the Dungeon)
 10329 | D:10     | Bought a shiny buckler for 144 gold pieces
 10421 | D:10     | You fall through a shaft!
 10472 | D:11     | Reached skill level 5 in Invocations
 10582 | D:10     | Got a dull robe
 10593 | D:10     | Identified the +1 robe of the Peculiar Beggars {rF+ Str+3} (You found it on level 10 of the Dungeon)
 10705 | D:10     | Noticed slayr's ghost (journeyman OpTm)
 10738 | D:10     | Killed slayr's ghost
 10757 | D:10     | Noticed a hill giant
 10777 | D:10     | Killed a hill giant
 10855 | D:10     | Found Rojy's Assorted Antiques.
 10862 | D:10     | Bought a blue potion for 26 gold pieces
 10862 | D:10     | Bought a scroll of magic mapping for 101 gold pieces
 10904 | D:10     | Noticed Urug
 10963 | D:10     | Killed Urug
 11172 | D:11     | Noticed a purple ugly thing
 11257 | D:9      | Reached XP level 12. HP: 94/94 MP: 16/16
 11287 | Lair:1   | Entered Level 1 of the Lair of Beasts
 11393 | Lair:1   | Noticed a five-headed hydra
 11397 | Lair:1   | Noticed dvd's ghost (journeyman OpVM)
 11408 | Lair:1   | Killed a five-headed hydra
 11422 | Lair:1   | Killed dvd's ghost
 11730 | Lair:1   | Reached ***** piety under Makhleb
 12469 | Lair:2   | Reached skill level 5 in Shields
 12472 | Lair:2   | Found a staircase to the Shoals.
 12550 | Lair:2   | Found a staircase to the Snake Pit.
 12902 | Lair:2   | Gained mutation: You evolve. [potion of mutation]
 13397 | Lair:3   | Noticed Sonja
 13427 | Lair:3   | Killed Sonja
 13427 | Lair:3   | Reached XP level 13. HP: 95/101 MP: 19/19
 14076 | Lair:3   | Gained mutation: Your spells are a little harder to cast, but a little more powerful. [evolution]
 14237 | Lair:4   | Noticed Josephine
 14283 | Lair:4   | Killed Josephine
 14690 | Lair:4   | Reached skill level 10 in Fighting
 14784 | Lair:4   | Reached skill level 10 in Invocations
 15626 | Lair:5   | Identified the Catalogue of Ignition and Venom
 16502 | Lair:6   | Entered Level 6 of the Lair of Beasts
 16716 | Lair:6   | Noticed an Executioner
 16721 | Lair:6   | Noticed an eight-headed hydra
 16809 | Lair:5   | Gained mutation: You expend magic power (3 MP) to strengthen your wands. [evolution]
 16809 | Lair:5   | Lost mutation: You evolve. [end of evolution]
 16876 | Lair:6   | Killed an eight-headed hydra
 17081 | Lair:6   | Noticed a green death
 17115 | Lair:6   | Reached XP level 14. HP: 111/111 MP: 22/22
 17708 | Lair:6   | Reached skill level 10 in Armour
 18134 | Lair:6   | Found a viscous altar of Jiyva.
 18134 | Lair:6   | Found a staircase to the Slime Pits.
 19321 | D:11     | Found a staircase to the Orcish Mines.
 19608 | D:11     | Found a portal to a secret trove of treasure.
 19614 | Trove    | Entered a treasure trove
 19619 | Trove    | Got a translucent jade ring
 19621 | Trove    | Identified the ring "Rek Anur" {Fire -Tele rPois rN++ Str+4} (You found it in a treasure trove)
 19623 | Trove    | Got a glittering ruby amulet
 19625 | Trove    | Identified the amulet "Janwujudd" {RegenMP rF+} (You found it in a treasure trove)
 19631 | Trove    | Got a shimmering tin ring
 19636 | Trove    | Got a crude ivory ring
 19638 | Trove    | Identified the cursed ring "Masiof Imix" {-Tele rC+ rN++ Str-2 Slay+2} (You found it in a treasure trove)
 19644 | Trove    | Identified the ring "Radgh" {+Fly rElec rF- Stlth+} (You found it in a treasure trove)
 19647 | Trove    | Got a warped copper ring
 19649 | Trove    | Identified the ring of the Cockatrice {Fire Dex+4} (You found it in a treasure trove)
 19651 | Trove    | Got a steaming pewter ring
 19653 | Trove    | Identified the ring "Relyox" {rF+ rC- MR+ Str+4 Dex+2} (You found it in a treasure trove)
 19656 | Trove    | Got a clouded silver ring
 19658 | Trove    | Identified the ring "Peechu" {Fire Str-4 Int+2 Slay+2 Stlth+} (You found it in a treasure trove)
 19671 | Trove    | Got a glittering zirconium amulet
 19673 | Trove    | Identified the amulet of Attitude {Dismiss Slay+3} (You found it in a treasure trove)
 19677 | Trove    | Got a fine diamond amulet
 19679 | Trove    | Identified the amulet of the Imp {Regen+ Int+2} (You found it in a treasure trove)
 19687 | Trove    | Got a coiled golden ring
 19690 | Trove    | Identified the ring of Zumumiu {rElec Stlth-} (You found it in a treasure trove)
 19843 | D:11     | You fall through a shaft for 2 floors!
 20243 | D:12     | You fall through a shaft for 2 floors!
 20921 | D:12     | Reached XP level 15. HP: 119/119 MP: 24/24
 20956 | D:12     | Identified 3 scrolls of acquirement
 20980 | D:12     | Got a pair of warped boots
 20992 | D:12     | Identified the +2 pair of boots of the Slorg {rC+} (You acquired it on level 12 of the Dungeon)
 22122 | Orc:1    | Entered Level 1 of the Orcish Mines
 22231 | Orc:1    | Found a flagged portal.
 22247 | Bailey   | Entered a bailey
 22541 | Bailey   | Gained mutation: Your spells are harder to cast, but more powerful. [potion of beneficial mutation]
 23227 | Bailey   | HP: 3/119 [orc knight/halberd (16)]
 23787 | Orc:2    | Entered Level 2 of the Orcish Mines
 23848 | Orc:2    | Found a frozen archway.
 23865 | IceCv    | Entered an ice cave
 23922 | IceCv    | Reached skill level 1 in Evocations
 24171 | IceCv    | Noticed Cadaver's ghost (journeyman MiGl)
 24190 | IceCv    | Killed Cadaver's ghost
 24486 | Orc:2    | Found a staircase to the Elven Halls.
 24570 | Orc:2    | Found a radiant altar of Vehumet.
 24588 | Orc:2    | Found Gefimiv's Book Shop.
 24727 | Orc:2    | Found Folamp's Assorted Antiques.
 24897 | Orc:2    | Found Qoalugopn's Gadget Emporium.
 24905 | Orc:2    | Found Ahoacay's Magic Scroll Shop.
 24923 | Orc:2    | Found Juotrom's Book Shoppe.
 24932 | Orc:2    | Reached skill level 10 in Dodging
 24961 | Orc:2    | Bought a scroll of identify for 36 gold pieces
 24961 | Orc:2    | Bought a scroll of magic mapping for 63 gold pieces
 24961 | Orc:2    | Bought a scroll of identify for 36 gold pieces
 24961 | Orc:2    | Bought a scroll of identify for 36 gold pieces
 24961 | Orc:2    | Bought a scroll of identify for 36 gold pieces
 24961 | Orc:2    | Bought a scroll of identify for 36 gold pieces
 24961 | Orc:2    | Bought a scroll of fear for 63 gold pieces
 24961 | Orc:2    | Bought a scroll of identify for 36 gold pieces
 25278 | D:13     | Reached XP level 16. HP: 50/127 MP: 26/26
 25426 | D:13     | Found a gate to the Vaults.
 26671 | D:14     | Reached skill level 10 in Shields
 27539 | D:15     | Entered Level 15 of the Dungeon
 27780 | D:15     | Found Effourrey's Antique Weapon Emporium.
 27822 | D:15     | Found a staircase to the Depths.
 27896 | D:15     | Found Qyedun's Assorted Antiques.
 27934 | D:15     | Found Ystetola's Weapon Shop.
 28030 | D:15     | Found Gumeomod's Armour Emporium.
 28569 | D:15     | Found an opulent altar of Gozag.
 28851 | Snake:1  | Entered Level 1 of the Snake Pit
 28858 | Snake:1  | Noticed Kirke
 29545 | Snake:1  | Noticed a sphinx
 29555 | Lair:2   | Killed Kirke
 29999 | Snake:1  | Noticed Roxanne
 30064 | Snake:1  | Killed Roxanne
 30064 | Snake:1  | Reached skill level 15 in Long Blades
 30064 | Snake:1  | Reached skill level 5 in Evocations
 30352 | Snake:1  | Reached XP level 17. HP: 96/135 MP: 17/28
 31139 | Snake:1  | Reached skill level 15 in Invocations
 31201 | Snake:1  | Found Kuixzimy's Jewellery Shop.
 31393 | Snake:1  | Identified Roxanne's Handbook of Transformation (You took it off Roxanne on level 1 of the Snake Pit)
 31546 | Snake:2  | Noticed Frances
 31564 | Snake:2  | Killed Frances
 31865 | Snake:2  | Found Jacsouna's Distillery.
 31873 | Snake:2  | Bought a potion of curing for 42 gold pieces
 31873 | Snake:2  | Bought 2 potions of curing for 84 gold pieces
 31873 | Snake:2  | Bought a potion of curing for 42 gold pieces
 31873 | Snake:2  | Bought a potion of curing for 42 gold pieces
 31873 | Snake:2  | Bought a potion of might for 56 gold pieces
 31873 | Snake:2  | Bought a potion of cancellation for 112 gold pieces
 32262 | Snake:2  | HP: 3/135 [naga sharpshooter/bolt (26)]
 32262 | Snake:2  | HP: 1/135 [naga sharpshooter/bolt (2)]
 34095 | Snake:2  | Found Noprah's Jewellery Boutique.
 34095 | Snake:2  | Found Joups's Gadget Emporium.
 34096 | Snake:2  | Found Exezunk's Jewellery Boutique.
 34443 | Snake:2  | Killed from afar by a balrug

Vault maps used:
D:1:      lightli_arrival_windingriver, minmay_crystal_water
D:2:      nicolae_gozag_cash_rules_everything_around_me,
          nicolae_overflow_crystal_walls, uniq_sigmund, uniq_robin,
          uniq_crazy_yiuf_cottage, uniq_natasha
D:3:      fedhas_altar_2, first_bread, nrook_mini_vaults, dk_yredelemnul_ordeal
D:4:      grunt_dithmenos_smoke_and_mirrors, uniq_pikel
D:5:      minmay_opposing_rooms
D:6:      enter_ossuary_1, serial_shops,
          nicolae_shop_temple_entry_statues_fountains, minmay_hedge_maze
D:7:      lemuel_crystal_altar, gammafunk_temple_overflow_pools,
          grunt_livestock, nemelex_lonely_heart_becter
D:8:      lemuel_mausoleum_altar_kikubaaqudgha, overflow_temple_1_default
D:9:      dpeg_oklobed_lair, serial_shops, nicolae_shop_waterfront,
          columned_hall_lemuel, okawaru_altar_gauntlet_db
D:10:     serial_shops, shop, shop, uniq_urug, uniq_maurice
D:11:     orc_0_dummy, enter_trove_0
D:13:     david_vaults_2
D:14:     minmay_cut_squares, minmay_misc_feat_roman
D:15:     grunt_enter_depths_snipers, basic_altar, serial_shops,
          nicolae_shop_trees, nicolae_shop_window_shopping, shop_fountains,
          shop, minmay_rotating_lava
Temple:   minmay_temple_bridge_abc
Lair:1:   minivault_24, serial_bayou_ford_a, st_stairs_11
Lair:2:   minmay_shoals_entry_centaurs, guppyfry_snake_entry_garden
Lair:3:   grunt_forest_small_clearings, uniq_sonja
Lair:4:   uniq_josephine
Lair:5:   kennysheep_rathole
Lair:6:   hangedman_lair_in_review, dpeg_slime_entry_enclosed_altar
Snake:1:  serial_shops, shop, uniq_roxanne, uniq_kirke
Snake:2:  serial_shops, nicolae_shop_stone, minmay_shop_grove, uniq_frances
Snake:3:  uniq_saint_roka, uniq_jorgrun
Orc:1:    enter_bailey_3
Orc:2:    st_orc_open, portal_ice_cave_entry_pillars_1, basic_altar,
          serial_shops, shop
Trove:    trove_jewel_2
Ossuary:  ossuary_tomb_2
Bailey:   bailey_polearm_5, bailey
IceCv:    ice_cave_tombish

Skill      XL: |  1  2  3  4  5  6  7  8  9 10 11 12 13 14 15 16 17 |
---------------+----------------------------------------------------+-----
Armour         | 1 2 4 6 7 8 9 10 11 12 | 12.2
Dodging        | 3 4 5 6 7 8 9 10 11 | 11.5
Fighting       | 4 5 6 8 9 10 11 12 | 12.9
Long Blades    | 4 5 6 7 8 10 11 12 13 14 15 | 15.4
Invocations    | 3 6 8 10 12 13 14 15 | 15.6
Shields        | 1 3 5 7 8 9 10 11 | 11.1
Evocations     | 2 5 |  5.8
Stealth        | |  2.4

Action                   |  1- 3 |  4- 6 |  7- 9 | 10-12 | 13-15 | 16-18 || total
-------------------------+-------+-------+-------+-------+-------+-------++-------
Melee: Falchion          |    83 |       |       |       |       |       ||    83
       Long sword        |    32 |   186 |   471 |  1394 |  1769 |       ||  3852
       Triple sword      |       |       |       |       |   665 |   895 ||  1560
Invok: Lesser Servant of |       |       |       |     3 |    14 |    14 ||    31
       Greater Servant o |       |       |       |       |     2 |     3 ||     5
 Abil: Dig               |     1 |       |       |     2 |    10 |     2 ||    15
       Shaft Self        |       |       |       |       |     1 |       ||     1
Evoke: Wand              |       |       |       |       |     4 |     6 ||    10
       Lamp of fire      |       |       |       |       |     1 |       ||     1
  Use: Scroll            |       |       |     6 |    19 |    20 |     4 ||    49
       Potion            |       |       |       |     3 |     5 |     4 ||    12
 Stab: Sleeping          |     3 |       |       |       |       |       ||     3
       Distracted        |       |       |       |     1 |     4 |     1 ||     6
       Petrified         |       |       |       |       |     1 |       ||     1
  Eat: Chunk             |     1 |     6 |    12 |    23 |    39 |    19 ||   100
       Pizza             |       |       |     1 |       |       |       ||     1
       Meat ration       |       |       |       |     1 |       |     2 ||     3
       Bread ration      |       |       |       |       |     1 |       ||     1
       Fruit             |       |       |       |       |     2 |     3 ||     5
Armor: Robe              |    13 |       |       |       |       |       ||    13
       Chain mail        |    36 |    59 |   164 |    82 |   458 |   420 ||  1219
       Plate armour      |       |       |       |   416 |   480 |       ||   896
Dodge: Dodged            |    68 |    53 |   140 |   401 |   928 |   404 ||  1994
Block: Other             |    17 |    48 |   119 |   154 |       |       ||   338
       Reflection        |       |     2 |     2 |    16 |    10 |    12 ||    42
       Buckler           |       |       |       |   402 |  1290 |   168 ||  1860
       Shield            |       |       |       |       |       |   310 ||   310
